 Dungeon Crawl Stone Soup version 0.23.2-33-g5129a83184 (webtiles) character file.

Game seed: 7947182980741005807

320724 TrebMcFLY the Executioner (level 20, -1/181 HPs)
             Began as a Minotaur Fighter on July 15, 2019.
             Was the Champion of Okawaru.
             Slain by a spriggan defender
             ... wielding a +6 demon whip of flaming
             ... led by the Enchantress
              (13 damage)
             ... on level 15 of the Dungeon.
             The game lasted 02:49:47 (41607 turns).

TrebMcFLY the Executioner (Minotaur Fighter)       Turns: 41607, Time: 02:49:48

Health: -1/181     AC: 35    Str: 43    XL:     20   Next: 63%
Magic:  28/28      EV: 12    Int: 11    God:    Okawaru [******]
Gold:   2767       SH: 25    Dex: 10    Spells: 19/19 levels left

rFire    . . .     SeeInvis +   C - +6 war axe
rCold    + + .     Gourm    .   W - +1 large shield
rNeg     + . .     Faith    .   T - +4 crystal plate armour of Okawaru's Generosity {Str+6}
rPois    +         Spirit   .   c - -2 hat of the Alchemist {rElec rPois rF+ rC+ rN+ MR+ rMut rCorr}
rElec    +         Reflect  .   F - scarf {cloud immunity}
rCorr    +         Harm     .   P - +1 pair of gloves
rMut     +                      D - +5 pair of boots "Unoelir" {rF- MR+ Str+7 Int+2}
MR       +++..                  r - amulet of rage
Stlth    ..........             z - ring of see invisible
HPRegen  0.80/turn              J - ring "Gegriad" {*Drain rC+ Int+4 Stlth+}
MPRegen  0.21/turn

@: no status effects
A: retaliatory headbutt, horns 2, regeneration 1
}: 2/15 runes: decaying, gossamer
a: Heroism, Finesse, Renounce Religion, Evoke Berserk Rage


You were on level 15 of the Dungeon.
You worshipped Okawaru.
Okawaru was exalted by your worship.
You were not hungry.

You visited 7 branches of the dungeon, and saw 36 of its levels.
You visited the Abyss 1 time.
You visited 1 bazaar.
You also visited: Ossuary, Bailey and Gauntlet.

You collected 4120 gold pieces.
You spent 1353 gold pieces at shops.

Inventory:

Hand Weapons
 C - a +6 war axe (weapon)
 H - a +4 scimitar of flaming
 S - a +0 broad axe
Missiles
 M - 5 silver javelins (quivered)
Armour
 c - the -2 hat of the Alchemist (worn) {rElec rPois rF+ rC+ rN+ MR+ rMut rCorr}
   (You bought it in a shop on level 4 of the Dungeon)

   It protects you from fire.
   It protects you from cold.
   It insulates you from electricity.
   It protects you from poison.
   It protects you from negative energy.
   It affects your resistance to hostile enchantments.
   It provides partial protection from all sources of acid and corrosion.
   It protects you from mutation.
 D - the +5 pair of boots "Unoelir" (worn) {rF- MR+ Str+7 Int+2}
   (Okawaru gifted it to you on level 2 of the Lair of Beasts)

   It affects your strength (+7).
   It affects your intelligence (+2).
   It makes you vulnerable to fire.
   It affects your resistance to hostile enchantments.
 F - a scarf of cloud immunity (worn)
 G - a scarf of resistance
 P - a +1 pair of gloves (worn)
 T - the +4 crystal plate armour of Okawaru's Generosity (worn) {Str+6}
   (Okawaru gifted it to you on level 1 of the Vaults)

   It affects your strength (+6).
 W - a +1 large shield (worn)
Jewellery
 k - a +5 ring of evasion
 n - an uncursed amulet of regeneration
 r - an amulet of rage (around neck)
 u - an uncursed ring of flight
 z - a ring of see invisible (left hand)
 J - the ring "Gegriad" (right hand) {*Drain rC+ Int+4 Stlth+}
   (You found it on level 11 of the Dungeon)

   [ring of stealth]

   It affects your intelligence (+4).
   It protects you from cold.
   It causes draining when unequipped.
   It makes you more stealthy.
Wands
 a - a wand of polymorph (10)
 b - a wand of digging (13)
 B - a wand of enslavement (24)
 N - a wand of disintegration (32)
 Q - a wand of paralysis (38)
 V - a wand of random effects (26)
 Z - a wand of flame (95)
Scrolls
 d - 9 scrolls of teleportation
 i - 2 scrolls of blinking
 l - 8 scrolls of fear
 m - 4 scrolls of enchant weapon
 o - 28 scrolls of identify
 t - 13 scrolls of remove curse
 w - 2 scrolls of brand weapon
 y - 5 scrolls of fog
 E - 10 scrolls of enchant armour
 K - a scroll of summoning
 L - a scroll of random uselessness {unknown}
 Y - 3 scrolls of magic mapping
Potions
 e - a potion of cancellation
 g - 10 potions of ambrosia
 h - 11 potions of curing
 j - a potion of agility
 p - 3 potions of heal wounds
 q - 12 potions of haste
 s - a potion of magic
 v - 10 potions of brilliance
 x - 3 potions of flight
 A - 3 potions of experience
 I - 6 potions of mutation
 U - 2 potions of might
Comestibles
 f - 44 rations


   Skills:
 + Level 16.2 Fighting
 - Level 2.6 Long Blades
 * Level 21.7 Axes
 + Level 10.8 Throwing
 + Level 16.3 Armour
 + Level 14.3 Dodging
 + Level 16.1 Shields
 + Level 8.5 Invocations
 + Level 12.5 Evocations


You had 19 spell levels left.
You didn't know any spells.
Your spell library contained the following spells:

 Spells                   Type           Power        Failure   Level  Hunger
 Confusing Touch          Hex            #.....       100%        1    ##.....
 Freeze                   Ice            #...         100%        1    ##.....
 Infusion                 Chrm           #...         100%        1    ##.....
 Magic Dart               Conj           #...         100%        1    ##.....
 Summon Small Mammal      Summ           #...         100%        1    ##.....
 Blink                    Tloc           N/A          100%        2    ###....
 Call Imp                 Summ           #.......     100%        2    ###....
 Searing Ray              Conj           #.....       100%        2    ###....
 Shroud of Golubria       Chrm/Tloc      #.........   100%        2    ###....
 Slow                     Hex            #.......     100%        2    ###....
 Song of Slaying          Chrm           #.......     100%        2    ###....
 Throw Frost              Conj/Ice       #.....       100%        2    ###....
 Call Canine Familiar     Summ           #.......     100%        3    ####...
 Confuse                  Hex            #.......     100%        3    ####...
 Conjure Flame            Conj/Fire      #.......     100%        3    ####...
 Dazzling Spray           Conj/Hex       #.....       100%        3    ####...
 Gell's Gravitas          Tloc           #.........   100%        3    ####...
 Mephitic Cloud           Conj/Pois/Air  #.......     100%        3    ####...
 Ozocubu's Armour         Chrm/Ice       #.......     100%        3    ####...
 Regeneration             Chrm/Necr      #.........   100%        3    ####...
 Spectral Weapon          Hex/Chrm       #.......     100%        3    ####...
 Summon Guardian Golem    Hex/Summ       #.......     100%        3    ####...
 Force Lance              Conj/Tloc      #.......     100%        4    #####..
 Fulminant Prism          Conj/Hex       #.........   100%        4    #####..
 Ice Form                 Ice/Tmut       #.......     100%        4    #####..
 Iskenderun's Mystic Bla  Conj           #.......     100%        4    #####..
 Leda's Liquefaction      Hex/Erth       #.........   100%        4    #####..
 Petrify                  Tmut/Erth      #.......     100%        4    #####..
 Summon Ice Beast         Ice/Summ       #.......     100%        4    #####..
 Summon Lightning Spire   Summ/Air       #.......     100%        4    #####..
 Throw Icicle             Conj/Ice       #.......     100%        4    #####..
 Bolt of Magma            Conj/Fire/Erth #.........   100%        5    ######.
 Metabolic Englaciation   Hex/Ice        #.........   100%        5    ######.
 Silence                  Hex/Air        #.........   100%        5    ######.
 Yara's Violent Unravell  Hex/Tmut       #.........   100%        5    ######.
 Bolt of Cold             Conj/Ice       #.........   100%        6    #######
 Conjure Ball Lightning   Conj/Air       #.........   100%        6    #######
 Deflect Missiles         Chrm/Air       #.........   100%        6    #######
 Freezing Cloud           Conj/Ice/Air   #.........   100%        6    #######
 Iron Shot                Conj/Erth      #.........   100%        6    #######
 Ozocubu's Refrigeration  Ice            #.........   100%        6    #######
 Simulacrum               Ice/Necr       #.........   100%        6    #######
 Statue Form              Tmut/Erth      #........    100%        6    #######
 Shatter                  Erth           #.........   100%        9    #######
 Tornado                  Air            #.........   100%        9    #######


Dungeon Overview and Level Annotations

Branches:
Dungeon (15/15)            Temple (0/1) D:4            Lair (6/6) D:8
  Swamp (4/4) Lair:2       Spider (4/4) Lair:2        Slime (0/5) Lair:5
    Orc (2/2) D:9             Elf (0/3) Orc:2        Vaults (4/5) D:13
  Crypt (0/3) Vaults:3     Depths (1/5) D:15

Altars:
Dithmenos
Elyvilon
Kikubaaqudgha
Nemelex Xobeh
Okawaru
Sif Muna
Uskayaw
Wu Jian
Yredelemnul
Beogh

Shops:
D:4 [   D:12 [   Orc:2 :**((   Vaults:2 [([?   Vaults:3 (

Portals:
Hell: Depths:1
Bazaar: Vaults:1

Annotations:
D:3 3 runed translucent doors, t4s4d4r's ghost, amateur BaIE
D:15 the Enchantress
Lair:3 Gastronok
Lair:4 exclusion: 2 oklob plants
Swamp:1 exclusion: Roxanne, Roxanne
Swamp:3 5 transporters


Innate Abilities, Weirdness & Mutations

You reflexively headbutt those who attack you in melee.
You have a pair of horns on your head.
Your natural rate of healing is unusually fast.


Message History

Okay, then.
You feel better.
You feel less vulnerable to hostile enchantments.
The Enchantress splashes around in the water.
The spriggan defender hits you with a +6 demon whip of flaming.
* * * LOW HITPOINT WARNING * * *
The spriggan defender burns you.
* * * LOW HITPOINT WARNING * * *
The Enchantress mumbles some strange words.
You resist with almost no effort.
The spriggan defender hits you but does no damage.
The Enchantress casts a spell at you. You resist with almost no effort.
You block the spriggan defender's attack.
Your magical effects are unravelling.
You feel magically purged.
You feel yourself speed up.
You are no longer firmly anchored in space.
The spriggan defender hits you with a +6 demon whip of flaming!
You die...

......#...♣.PP..♣♣..##########..#
..........♣♣..P♣♣♣..............#
..........P♣.P♣.PP...#########...
.....................# #.....
......#.............## #.#.#.
................##### #.#.#.
#####...........## ####### #.#...
#####..(#######..###.....###.##..
...##...# ###@##.......##.##.#
...##...# #≈≈i#).#####..#.##..
...##...# ##≈i#).#^))#..#.###.
...##...######≈≈.[..#.>.'.^#.# #.
...#######≈≈≈≈≈≈≈#..#).[#[[#.# #.
...# ≈≈≈≈≈≈≈≈≈#..#####..#.# #.
...# ≈≈≈≈≈≈≈≈≈##.......##.# #.
#### ≈≈≈≈≈≈≈≈≈≈##.....###.###.
≈≈≈≈≈≈≈≈≈≈≈#######≈≈.....


You could see the Enchantress and a spriggan defender.

Vanquished Creatures
  Sojobo (Vaults:3)
  A bone dragon (Swamp:4)
  Arachne (Spider:2)
  2 liches
  Jorgrun (Orc:1)
  An ancient champion (Depths:1)
  Kirke (Swamp:1)
  3 tengu reavers (Vaults:3)
  A thorn hunter (Swamp:4)
  Donald (Swamp:1)
  3 fire giants
  2 frost giants
  A deep elf sorcerer (Vaults:2)
  3 ghost moths
  3 emperor scorpions (Spider:4)
  10 vault wardens
  Louise (D:14)
  An orc warlord (Orc:2)
  The ghost of Statics the Black Belt, a journeyman OpFi of Ashenzari (Orc:2)
  3 ghouls
  A spriggan defender (D:15)
  A war gargoyle (Vaults:2)
  4 very ugly things (Vaults:3)
  8 stone giants
  8 ironheart preservers
  5 entropy weavers
  A deep elf annihilator (Vaults:2)
  2 deep elf demonologists (Vaults:3)
  2 spark wasps (Spider:4)
  Snorg (Orc:1)
  A deep elf death mage (Vaults:2)
  An ettin (Vaults:2)
  3 fire dragons
  Josephine (D:10)
  7 yaktaur captains
  A jiangshi (Vaults:3)
  9 hydras
  A great orb of eyes (Vaults:2)
  4 rakshasas
  A hydra (shapeshifter) (Vaults:2)
  8 vault guards
  A hell beast (Depths:1)
  3 ice dragons
  5 ghost crabs (Swamp:4)
  7 centaur warriors
  10 ogre magi
  3 deep troll shamans
  Erica (Orc:1)
  34 two-headed ogres
  5 tengu warriors
  3 death yaks (Lair:2)
  3 death knights
  2 deep troll earth magi (D:15)
  A vampire mage (Depths:1)
  11 alligators
  Urug (Lair:3)
  2 thrashing horrors (Abyss:1)
  8 spriggans
  2 deep elf knights
  A shadow wraith (Vaults:2)
  A soul eater (Vaults:3)
  An iron troll (Depths:1)
  15 skeletal warriors
  A wretched star (Abyss:1)
  A glowing orange brain (Depths:1)
  2 swamp dragons (Swamp:1)
  10 deep trolls
  A death drake (Swamp:4)
  An unseen horror (Abyss:1)
  12 wizards
  A spriggan druid (Swamp:3)
  A spectral hydra (Swamp:4)
  A deep elf archer (Vaults:4)
  19 orc knights
  4 phantasmal warriors
  A flayed ghost (Vaults:2)
  15 ironbrand convokers
  3 necromancers
  2 deep elf magi (Vaults:3)
  11 orb spiders
  23 wolf spiders
  24 ugly things
  4 orc sorcerers
  3 cyclopes
  2 manticores
  A moth of wrath (Spider:4)
  3 black mambas
  3 elephants (Lair:6)
  A water nymph (shapeshifter) (Vaults:2)
  10 vault sentinels
  Psyche (D:9)
  An ice statue (Vaults:1)
  A spiny frog (shapeshifter) (Vaults:4)
  28 spiny frogs
  2 black mambas (shapeshifter) (Vaults:2)
  2 naga magi (D:15)
  2 torpor snails
  3 gargoyles
  A guardian serpent (shapeshifter) (Vaults:4)
  2 centaur skeletons (D:15)
  18 yaktaurs
  An efreet (D:10)
  8 komodo dragons
  A yaktaur (shapeshifter) (Vaults:3)
  A rime drake (Lair:4)
  2 swamp worm zombies (Swamp:4)
  An ancient zyme (Abyss:1)
  5 hydra zombies (Swamp:4)
  5 freezing wraiths
  An ice devil (Depths:1)
  11 demonic crawlers
  A red devil (Depths:1)
  A harpy zombie (D:15)
  10 trolls
  14 tyrant leeches
  30 jumping spiders
  3 meliai (Spider:2)
  A wolf spider simulacrum (D:14)
  A polar bear (Lair:2)
  16 hornets
  40 slime creatures
  A queen bee (Spider:2)
  4 spectral swamp dragons (Swamp:4)
  35 blink frogs
  4 alligator zombies (Swamp:4)
  14 bog bodies
  4 dream sheep (Lair:5)
  9 hippogriffs
  A flying skull (Abyss:1)
  A meliai zombie (D:15)
  An ettin skeleton (Vaults:2)
  3 shadows
  A redback (shapeshifter) (Vaults:2)
  25 tarantellas
  3 wyverns
  70 redbacks
  4 water elementals (D:15)
  7 wraiths
  6 hogs
  2 small abominations (Abyss:1)
  30 yaks
  Grum (Lair:1)
  20 humans (D:13)
  2 steam dragons
  13 basilisks
  24 vampire mosquitoes
  A golden eye (shapeshifter) (D:13)
  A yak (shapeshifter) (Vaults:3)
  3 hungry ghosts
  A neqoxec (Abyss:1)
  8 wargs
  15 insubstantial wisps (Swamp:4)
  11 swamp worms
  A soldier ant (shapeshifter) (Vaults:4)
  3 acid dragons
  12 water moccasins
  A hornet zombie (D:6)
  A human skeleton (Vaults:2)
  14 swamp drakes
  3 ice beasts
  2 swamp dragon zombies (Swamp:4)
  6 porcupines
  10 phantoms
  4 black bears
  60 orc warriors
  3 sky beasts
  A necrophage (D:8)
  2 eyes of draining
  14 wolves
  36 ogres
  4 boggarts (Vaults:1)
  A tengu (shapeshifter) (Vaults:2)
  16 centaurs
  23 crocodiles
  28 bullfrogs
  3 big kobolds
  A wyvern zombie (D:9)
  A gnoll sergeant (D:7)
  A glowing shapeshifter simulacrum (Vaults:2)
  2 scorpions
  A water moccasin skeleton (D:5)
  2 wyvern skeletons
  11 killer bees (Spider:2)
  14 wights
  7 electric eels
  A vampire bat (Lair:3)
  4 howler monkeys
  13 crimson imps
  7 centaur zombies
  4 hounds
  2 human zombies
  3 jellies
  9 iguanas
  19 orc priests
  3 bullfrog skeletons
  Natasha (thrice) (D:2)
  31 orc wizards
  2 spectral swamp drakes (Swamp:4)
  8 worker ants
  A killer bee zombie (D:8)
  A big kobold zombie (Ossuary)
  2 hound zombies
  A hound skeleton (D:4)
  2 mummies (Ossuary)
  A worker ant zombie (D:6)
  12 gnolls
  13 adders
  A shadow imp (D:13)
  A white imp (Spider:3)
  4 adder zombies
  An adder skeleton (D:6)
  4 worms
  A dart slug (D:1)
  17 leopard geckos
  129 orcs
  A ball python (D:2)
  8 giant cockroaches
  13 goblins
  9 hobgoblins
  5 jackals
  26 kobolds
  6 quokkas
  15 bats
  12 frilled lizards
  3 goblin zombies (Ossuary)
  9 hobgoblin zombies (Ossuary)
  2 jackal zombies (Ossuary)
  8 kobold zombies (Ossuary)
  10 orc zombies (Ossuary)
  A quokka zombie (D:4)
  13 rats
  A rat zombie (D:4)
  14 fungi
  6 plants
1680 creatures vanquished.

Vanquished Creatures (others)
  An alligator (Swamp:4)
  A spiny frog (Swamp:3)
  A hornet (Swamp:3)
  A slime creature (Swamp:4)
  A swamp worm (Swamp:3)
  3 insubstantial wisps (Swamp:4)
  A swamp drake (Swamp:3)
  An adder (D:2)
  A frilled lizard (Lair:4)
  26 fungi
  64 plants
  6 withered plants (Gauntlet)
107 creatures vanquished.

Grand Total: 1787 creatures vanquished

Notes
Turn   | Place    | Note
-------+----------+-------------------------------------------
     0 | D:1      | TrebMcFLY the Minotaur Fighter began the quest for the Orb.
     0 | D:1      | Reached XP level 1. HP: 19/19 MP: 0/0
   154 | D:1      | Reached XP level 2. HP: 19/27 MP: 1/1
   190 | D:1      | Reached skill level 3 in Axes
   274 | D:1      | You fall through a shaft!
   319 | D:2      | Found a white marble altar of Elyvilon.
   348 | D:2      | You fall through a shaft for 2 floors!
   373 | D:4      | Found a sand-covered staircase.
   382 | D:4      | Reached XP level 3. HP: 31/33 MP: 2/2
   398 | Ossuary  | Entered an ossuary
   693 | Ossuary  | Reached XP level 4. HP: 13/40 MP: 3/3
   929 | Ossuary  | Reached skill level 4 in Axes
  1034 | Ossuary  | Reached XP level 5. HP: 26/47 MP: 4/4
  1288 | D:3      | Noticed an ogre
  1391 | D:2      | Found a sparkling altar of Nemelex Xobeh.
  1540 | D:2      | Found an ancient bone altar of Kikubaaqudgha.
  1553 | D:2      | Noticed Natasha
  1557 | D:2      | Killed Natasha
  1865 | D:2      | Noticed Natasha
  1873 | D:2      | Killed Natasha
  1873 | D:2      | Reached skill level 5 in Axes
  1873 | D:2      | Reached skill level 5 in Shields
  1873 | D:2      | Reached XP level 6. HP: 54/55 MP: 5/5
  1894 | D:2      | Noticed Natasha
  1900 | D:2      | Killed Natasha
  2043 | D:3      | Found a runed translucent gate.
  2044 | D:3      | Found a runed translucent gate.
  2045 | D:3      | Found a runed translucent gate.
  2061 | D:3      | Reached skill level 5 in Armour
  2068 | D:3      | Found an iron altar of Okawaru.
  2077 | D:3      | Became a worshipper of Warmaster Okawaru
  2145 | D:3      | Reached skill level 5 in Fighting
  2166 | D:3      | Noticed t4s4d4r's ghost (amateur BaIE)
  2433 | D:4      | Found a hide-covered altar of Uskayaw.
  2620 | D:4      | Found Jovigh Viar's Armour Boutique.
  2794 | D:4      | Found a shadowy altar of Dithmenos.
  3022 | D:4      | Found a staircase to the Ecumenical Temple.
  3196 | D:5      | Entered Level 5 of the Dungeon
  3314 | D:5      | Reached skill level 6 in Axes
  3314 | D:5      | Reached XP level 7. HP: 61/61 MP: 6/6
  3357 | D:5      | Found a deep blue altar of Sif Muna.
  3413 | D:5      | Reached * piety under Okawaru
  3760 | D:5      | Found a deep blue altar of Sif Muna.
  3837 | D:6      | Reached skill level 1 in Dodging
  3887 | D:6      | Reached skill level 1 in Invocations
  3941 | D:6      | Reached skill level 1 in Evocations
  3988 | D:6      | Noticed a hippogriff
  4004 | D:6      | Reached XP level 8. HP: 65/70 MP: 5/8
  4008 | D:6      | Killed a hippogriff
  4008 | D:6      | Reached ** piety under Okawaru
  4008 | D:6      | Reached skill level 7 in Axes
  4238 | D:6      | Reached skill level 8 in Axes
  4520 | D:6      | Reached XP level 9. HP: 55/78 MP: 10/10
  4920 | D:7      | Reached *** piety under Okawaru
  5492 | D:7      | Noticed a troll
  5501 | D:7      | Killed a troll
  5501 | D:7      | Reached skill level 9 in Axes
  5890 | D:8      | Noticed a troll
  5898 | D:8      | Killed a troll
  6147 | D:8      | Reached **** piety under Okawaru
  6154 | D:8      | Noticed a gargoyle
  6164 | D:8      | Killed a gargoyle
  6164 | D:8      | Reached XP level 10. HP: 35/86 MP: 12/12
  6473 | D:8      | Noticed a two-headed ogre
  6516 | D:8      | Killed a two-headed ogre
  6516 | D:8      | Reached skill level 10 in Axes
  6954 | D:8      | Found a staircase to the Lair.
  7224 | D:9      | Found a basalt altar of Yredelemnul.
  7234 | D:9      | Found an ornate altar of the Wu Jian Council.
  7280 | D:9      | Found a staircase to the Orcish Mines.
  7320 | D:9      | Reached skill level 5 in Dodging
  7328 | D:9      | Noticed a two-headed ogre
  7482 | D:9      | Reached ***** piety under Okawaru
  7633 | D:9      | Noticed Psyche
  7637 | D:9      | Killed Psyche
  7787 | D:9      | Killed a two-headed ogre
  7787 | D:9      | Received a gift from Okawaru
  7993 | D:9      | Reached skill level 5 in Invocations
  8102 | D:10     | Entered Level 10 of the Dungeon
  8128 | D:10     | Noticed a two-headed ogre
  8141 | D:10     | Killed a two-headed ogre
  8141 | D:10     | Reached skill level 11 in Axes
  8142 | D:10     | Reached XP level 11. HP: 73/95 MP: 10/13
  8145 | D:10     | Noticed a two-headed ogre
  8153 | D:10     | Killed a two-headed ogre
  8653 | D:10     | Noticed Josephine
  8666 | D:10     | Killed Josephine
  8666 | D:10     | Reached skill level 5 in Evocations
  8839 | D:10     | Got a transparent leather armour
  9019 | D:10     | Identified the +1 leather armour "Heemolul" {rCorr} (You
                  | found it on level 10 of the Dungeon)
  9427 | D:11     | Noticed a skeletal warrior
  9443 | D:11     | Noticed a skeletal warrior
  9451 | D:11     | Killed a skeletal warrior
  9454 | D:11     | Noticed a skeletal warrior
  9462 | D:11     | Killed a skeletal warrior
  9472 | D:11     | Killed a skeletal warrior
  9472 | D:11     | Reached skill level 12 in Axes
  9858 | D:11     | Got a heavily runed silver ring
  9884 | D:11     | Noticed a skeletal warrior
  9897 | D:11     | Killed a skeletal warrior
  9901 | D:11     | Noticed a skeletal warrior
  9918 | D:11     | Killed a skeletal warrior
  9934 | D:11     | Noticed a skeletal warrior
  9957 | D:11     | Killed a skeletal warrior
 10108 | D:11     | Noticed a skeletal warrior
 10108 | D:11     | Noticed a skeletal warrior
 10154 | D:10     | Identified the ring "Gegriad" {*Drain rC+ Int+4 Stlth+}
                  | (You found it on level 11 of the Dungeon)
 10216 | Lair:1   | Entered Level 1 of the Lair of Beasts
 10294 | Lair:1   | Reached XP level 12. HP: 100/104 MP: 15/15
 10425 | Lair:1   | Noticed Grum
 10486 | Lair:1   | Killed Grum
 10862 | Lair:2   | Noticed a death yak
 10863 | Lair:2   | Noticed a death yak
 10909 | Lair:2   | Received a gift from Okawaru
 10919 | Lair:2   | Got a pair of twisted boots {god gift}
 10945 | Lair:2   | Identified the +5 pair of boots "Unoelir" {rF- MR+ Str+7
                  | Int+2} (Okawaru gifted it to you on level 2 of the Lair of
                  | Beasts)
 10963 | Lair:2   | Found a hole to the Spider Nest.
 11155 | Lair:2   | You fall through a shaft for 2 floors!
 11155 | Lair:4   | Noticed an eight-headed hydra
 11168 | Lair:4   | Killed a six-headed hydra
 11168 | Lair:4   | Reached skill level 10 in Armour
 11765 | Lair:4   | Reached skill level 13 in Axes
 11891 | Lair:4   | Reached skill level 10 in Fighting
 11938 | Lair:4   | Reached skill level 10 in Shields
 12232 | Lair:4   | Reached ****** piety under Okawaru
 12778 | Lair:3   | Noticed Urug
 12785 | Lair:3   | Killed Urug
 12800 | Lair:3   | Noticed Gastronok
 12927 | Lair:2   | Reached XP level 13. HP: 110/114 MP: 17/17
 13578 | Lair:3   | Received a gift from Okawaru
 14063 | Lair:5   | Reached skill level 14 in Axes
 14211 | Lair:5   | Found a staircase to the Slime Pits.
 14545 | Lair:6   | Entered Level 6 of the Lair of Beasts
 14594 | Lair:6   | Found a gate leading to a gauntlet.
 14628 | Gauntlet | Entered a Gauntlet
 14628 | Gauntlet | Found a transporter.
 14628 | Gauntlet | Found a transporter.
 14649 | Gauntlet | Found a transporter.
 14654 | Gauntlet | Found a transporter.
 14672 | Gauntlet | Found a transporter.
 14688 | Gauntlet | Found a transporter.
 14705 | Gauntlet | Noticed a reaper
 14777 | Gauntlet | Noticed a death ooze
 14778 | Gauntlet | Found a transporter.
 14793 | Gauntlet | Found a transporter.
 14810 | Gauntlet | Found a transporter.
 14825 | Gauntlet | Found a transporter.
 14847 | Gauntlet | Found a transporter.
 14848 | Gauntlet | Found the ring of Shadows {Umbra +Inv Stlth+}
 15863 | Lair:6   | Received a gift from Okawaru
 15866 | Lair:6   | Got a crude quick blade {god gift}
 16156 | Lair:6   | Reached skill level 1 in Long Blades
 16272 | Lair:6   | Reached XP level 14. HP: 118/124 MP: 17/19
 16624 | Lair:6   | Reached skill level 15 in Axes
 16688 | Lair:6   | Got a brightly glowing crystal amulet
 16703 | Lair:6   | Identified the amulet "Koarch" {RegenMP Int+2 Dex+2} (You
                  | found it on level 6 of the Lair of Beasts)
 17224 | Lair:2   | Found a staircase to the Swamp.
 17596 | D:11     | Identified the +6 quick blade of Drought {elec, -Tele rElec
                  | Int+4} (Okawaru gifted it to you on level 6 of the Lair of
                  | Beasts)
 17734 | D:11     | Received a gift from Okawaru
 17964 | D:12     | You fall through a shaft for 3 floors!
 17964 | D:15     | Entered Level 15 of the Dungeon
 17991 | D:15     | Reached skill level 1 in Throwing
 18230 | D:14     | Identified the cursed +0 large shield of Roujuopt {rPois
                  | Str+2 Dex-5}
 18230 | D:14     | Noticed Louise
 18488 | D:13     | Found a flagged portal.
 18503 | Bailey   | Entered a bailey
 19001 | D:13     | Reached skill level 10 in Dodging
 19021 | D:13     | Found a gate to the Vaults.
 19098 | D:13     | Reached skill level 16 in Axes
 19259 | D:13     | Received a gift from Okawaru
 19332 | D:13     | Received a gift from Okawaru
 19343 | D:13     | Got an encrusted plate armour {god gift}
 19355 | D:13     | Identified the +1 plate armour "Midihegeo" {Str+3} (Okawaru
                  | gifted it to you on level 13 of the Dungeon)
 19493 | D:12     | Found Naef's Antique Armour Shoppe.
 19513 | D:12     | Reached XP level 15. HP: 132/132 MP: 20/20
 20059 | Orc:1    | Entered Level 1 of the Orcish Mines
 20137 | Orc:2    | Entered Level 2 of the Orcish Mines
 20137 | Orc:2    | Found a staircase to the Elven Halls.
 20178 | Orc:2    | Found Niurheutt's Antique Weapon Shoppe.
 20405 | D:4      | Bought the -2 hat of the Alchemist {rElec rPois rF+ rC+ rN+
                  | MR+ rMut rCorr} for 472 gold pieces
 20405 | D:4      | Found the -2 hat of the Alchemist {rElec rPois rF+ rC+ rN+
                  | MR+ rMut rCorr}
 20781 | Orc:2    | Found a runed translucent gate.
 20782 | Orc:2    | Found a runed translucent gate.
 20783 | Orc:2    | Found a runed translucent gate.
 20836 | Orc:2    | Found Xasy's General Store.
 20836 | Orc:2    | Found Qiehytza's Weapon Shop.
 20894 | Orc:2    | Bought a potion of curing for 45 gold pieces
 21007 | Orc:2    | Found a roughly hewn altar of Beogh.
 21053 | Orc:2    | Noticed an orc warlord
 21158 | Orc:2    | Killed an orc warlord
 21419 | Orc:2    | Noticed Statics's ghost (journeyman OpFi)
 21641 | Orc:2    | Found Aschuefo's Book Emporium.
 21641 | Orc:2    | Found Lumexut's General Store.
 21716 | Orc:1    | Noticed Snorg
 21721 | Orc:1    | Killed Snorg
 21996 | Orc:1    | Noticed Erica
 22010 | Orc:1    | Noticed Jorgrun
 22013 | Orc:1    | Killed Erica
 22106 | Orc:1    | Killed Jorgrun
 22487 | Orc:2    | Killed Statics's ghost
 22487 | Orc:2    | Received a gift from Okawaru
 22525 | Orc:2    | Got a shimmering sapphire amulet
 22528 | Orc:2    | Identified the amulet "Seitas" {rC+++ Regen+ Str-5 Slay+6
                  | Stlth-} (You found it on level 2 of the Orcish Mines)
 22712 | Swamp:1  | Entered Level 1 of the Swamp
 23017 | Swamp:1  | Noticed Donald
 23034 | Swamp:1  | Killed Donald
 23107 | Swamp:1  | Noticed Kirke
 23293 | Swamp:1  | Killed Kirke
 23369 | Swamp:1  | Reached skill level 17 in Axes
 23750 | Swamp:1  | Noticed Roxanne
 23961 | Swamp:2  | Reached skill level 5 in Throwing
 24625 | Swamp:3  | Reached XP level 16. HP: 141/141 MP: 22/22
 24775 | Swamp:3  | Received a gift from Okawaru
 25108 | Swamp:3  | Found a transporter.
 25126 | Swamp:3  | Found a transporter.
 25126 | Swamp:3  | Found a transporter.
 25147 | Swamp:3  | Found a transporter.
 25168 | Swamp:3  | Found a transporter.
 25582 | Swamp:4  | Entered Level 4 of the Swamp
 25879 | Swamp:4  | Noticed a thorn hunter
 25894 | Swamp:4  | Killed a thorn hunter
 26378 | Swamp:4  | Received a gift from Okawaru
 26461 | Swamp:4  | Received a gift from Okawaru
 26469 | Swamp:4  | Noticed a bone dragon
 26499 | Swamp:4  | Killed a bone dragon
 26499 | Swamp:4  | Received a gift from Okawaru
 26499 | Swamp:4  | Reached skill level 18 in Axes
 26499 | Swamp:4  | Reached skill level 10 in Evocations
 26568 | Swamp:4  | Got a decaying rune of Zot
 26965 | Spider:1 | Entered Level 1 of the Spider Nest
 27073 | Spider:1 | Got a transparent lead amulet
 27749 | Spider:2 | Identified the amulet "Lumea" {Spirit rPois} (You found it
                  | on level 1 of the Spider Nest)
 27760 | Spider:2 | Noticed Arachne
 27784 | Spider:2 | Killed Arachne
 28594 | Spider:3 | Reached XP level 17. HP: 150/151 MP: 21/23
 29659 | Spider:4 | Entered Level 4 of the Spider Nest
 29825 | Spider:4 | Received a gift from Okawaru
 29828 | Spider:4 | Got a dazzling battleaxe {god gift}
 29858 | Spider:4 | Identified the +1 battleaxe of the Badger {chop, Int+6}
                  | (Okawaru gifted it to you on level 4 of the Spider Nest)
 30570 | Spider:4 | Received a gift from Okawaru
 31124 | Spider:4 | Reached skill level 19 in Axes
 31158 | Spider:4 | Got a dazzling hand axe {god gift}
 31160 | Spider:4 | Identified the +4 hand axe of Okawaru's Fury {freeze, rF-
                  | Int+6 Stlth+} (Okawaru gifted it to you on level 4 of the
                  | Spider Nest)
 31357 | Spider:4 | Got a gossamer rune of Zot
 31645 | Vaults:1 | Entered Level 1 of the Vaults
 31806 | D:13     | Received a gift from Okawaru
 31811 | D:13     | Got a shimmering battleaxe {god gift}
 31813 | D:13     | Identified the +1 battleaxe of Gin and Tonic {flame, rPois
                  | rN+ Dex+2} (Okawaru gifted it to you on level 13 of the
                  | Dungeon)
 32364 | Vaults:1 | Reached XP level 18. HP: 148/161 MP: 25/25
 32374 | Vaults:1 | Received a gift from Okawaru
 32412 | Vaults:1 | Got a smoking crystal plate armour {god gift}
 32482 | Vaults:1 | Identified the +4 crystal plate armour of Okawaru's
                  | Generosity {Str+6} (Okawaru gifted it to you on level 1 of
                  | the Vaults)
 33353 | Vaults:1 | Found a gateway to a bazaar.
 33826 | Vaults:2 | Found a flickering gateway to a bazaar.
 33827 | Vaults:2 | Found Tywi's Antique Weapon Emporium.
 33860 | Vaults:2 | Reached skill level 15 in Armour
 33900 | Vaults:2 | Noticed a lich
 33902 | Vaults:2 | Received a gift from Okawaru
 33923 | Vaults:2 | Killed a lich
 33945 | Vaults:2 | Received a gift from Okawaru
 33958 | Vaults:2 | Reached skill level 20 in Axes
 33976 | Vaults:2 | Found Detintuo's Antique Armour Emporium.
 34038 | Bazaar   | Entered a bazaar
 34075 | Bazaar   | Found Zuacraha's Magic Scroll Shoppe.
 34140 | Bazaar   | Found Gythry Gyuli's Book Shoppe.
 34193 | Bazaar   | Found Foil's Jewellery Boutique.
 34239 | Bazaar   | Found Liam's Jewellery Shoppe.
 34262 | Bazaar   | Bought an uncursed amulet of rage for 360 gold pieces
 34292 | Bazaar   | Bought a scroll of brand weapon for 260 gold pieces
 34292 | Bazaar   | Bought a scroll of magic mapping for 45 gold pieces
 34372 | Bazaar   | Bought an uncursed ring of see invisible for 135 gold
                  | pieces
 34508 | Vaults:2 | Found Wezuc's Armour Shoppe.
 34656 | Vaults:2 | Reached skill level 15 in Fighting
 34924 | Vaults:2 | Found the +9 heavy crossbow "Sniper" {velocity, Acc+∞ SInv}
 35146 | Vaults:2 | Reached skill level 15 in Shields
 35176 | Vaults:2 | Reached XP level 19. HP: 91/170 MP: 26/26
 35294 | Vaults:2 | Found Peco's Magic Scroll Emporium.
 35302 | Vaults:2 | Bought a scroll of teleportation for 36 gold pieces
 35751 | Vaults:3 | Received a gift from Okawaru
 35784 | Vaults:3 | Noticed a lich
 35797 | Vaults:3 | Killed a lich
 35811 | Vaults:3 | Received a gift from Okawaru
 35834 | Vaults:3 | Received a gift from Okawaru
 36950 | Vaults:3 | Noticed Sojobo
 37247 | Vaults:3 | Killed Sojobo
 37247 | Vaults:3 | Reached skill level 10 in Throwing
 37377 | Vaults:3 | Received a gift from Okawaru
 37538 | Vaults:3 | Reached skill level 21 in Axes
 37577 | Vaults:3 | Found a staircase to the Crypt.
 37669 | Vaults:3 | Found Egexer's Antique Weapon Emporium.
 38451 | Vaults:4 | Reached XP level 20. HP: 175/180 MP: 28/28
 39627 | D:14     | Killed Louise
 39975 | D:14     | Received a gift from Okawaru
 40376 | D:15     | Found a staircase to the Depths.
 40495 | D:15     | Received a gift from Okawaru
 40910 | Depths:1 | Entered Level 1 of the Depths
 40951 | Depths:1 | Received a gift from Okawaru
 41048 | Depths:1 | Found a gateway to Hell.
 41257 | Depths:1 | Identified the +0 faerie dragon scales {rCorr Dex+6}
 41257 | Depths:1 | Noticed the Enchantress
 41297 | D:15     | Received a gift from Okawaru
 41411 | Depths:1 | Cast into level 1 of the Abyss (spriggan)
 41480 | Abyss:1  | Gained mutation: Your natural rate of healing is unusually
                  | fast. [a neqoxec]
 41558 | Depths:1 | Escaped the Abyss
 41604 | D:15     | HP: 5/181 [spriggan defender/+6 demon whip of flaming[the
                  | Enchantress] (10)]
 41607 | D:15     | Slain by a spriggan defender

Skill      XL: |  1  2  3  4  5  6  7  8  9 10 11 12 13 14 15 16 17 18 19 20 |
---------------+-------------------------------------------------------------+-----
Axes           | 3 4 5 6 8 9 11 12 13 14 16 17 18 19 20 21 | 21.7
Armour         | 4 5 6 7 8 9 10 11 12 13 14 15 16 | 16.3
Fighting       | 4 5 6 7 8 9 10 11 12 13 14 15 16 | 16.2
Shields        | 4 5 6 7 8 9 10 11 12 13 14 15 16 | 16.1
Dodging        | 2 3 4 5 6 8 9 10 11 12 13 14 | 14.3
Invocations    | 1 2 4 5 6 7 8 |  8.5
Evocations     | 1 2 3 4 5 6 7 8 9 10 11 12 | 12.5
Long Blades    | 1 2 |  2.6
Throwing       | 3 5 6 8 9 10 | 10.8

Action                   |  1- 3 |  4- 6 |  7- 9 | 10-12 | 13-15 | 16-18 | 19-21 || total
-------------------------+-------+-------+-------+-------+-------+-------+-------++-------
Melee: War axe           |   121 |   169 |   314 |   349 |  1375 |  1591 |   926 ||  4845
       Headbutt          |    18 |    34 |    61 |   125 |   430 |   486 |   298 ||  1452
       Battleaxe         |       |       |       |   208 |       |       |       ||   208
       Scimitar          |       |       |       |    11 |    89 |     6 |       ||   106
       Broad axe         |       |       |       |       |       |       |     6 ||     6
Throw: Tomahawk          |       |       |       |       |    14 |       |       ||    14
       Javelin           |       |       |       |       |     4 |    19 |       ||    23
Invok: Heroism           |       |       |     9 |    12 |    18 |    13 |     7 ||    59
       Finesse           |       |       |       |     2 |     2 |     6 |     4 ||    14
Evoke: Wand              |       |       |       |       |     1 |       |       ||     1
  Use: Scroll            |       |       |     9 |     6 |    20 |     9 |     5 ||    49
       Potion            |       |       |       |     1 |     5 |     1 |     6 ||    13
 Stab: Confused          |       |       |       |       |       |     1 |       ||     1
       Distracted        |       |       |       |       |       |       |     2 ||     2
  Eat: Chunk             |       |     8 |    14 |    19 |    33 |    26 |    15 ||   115
       Ration            |       |       |       |     1 |     2 |     3 |     2 ||     8
Armor: Scale mail        |    46 |    52 |    39 |       |       |       |       ||   137
       Chain mail        |       |       |    46 |    32 |       |       |       ||    78
       Plate armour      |       |       |       |    94 |   300 |   402 |       ||   796
       Crystal plate arm |       |       |       |       |       |    72 |   307 ||   379
Dodge: Dodged            |    46 |    70 |   112 |   267 |   390 |   628 |   285 ||  1798
Block: Shield            |    53 |    89 |   150 |   191 |    81 |       |       ||   564
       Large shield      |       |       |       |       |  1263 |  1697 |  1015 ||  3975
       Rpst.: Scimitar   |       |       |       |     2 |    12 |     1 |       ||    15
